 Dungeon Crawl Stone Soup version 0.20.1 (webtiles) character file.

420 Sunburn the Skirmisher (level 6, -1/63 HPs)
             Began as an Ogre Fire Elementalist on July 2, 2017.
             Succumbed to a gnoll's poison
             ... on level 5 of the Dungeon.
             The game lasted 00:17:40 (4983 turns).

Sunburn the Skirmisher (Ogre Fire Elementalist)     Turns: 4983, Time: 00:17:41

Health: -1/63      AC:  3    Str: 13    XL:     6   Next: 94%
Magic:  6/12       EV: 15    Int: 18    God:
Gold:   201        SH:  0    Dex: 16    Spells: 3/13 levels left

rFire    . . .     SeeInvis .   e - +0 giant club
rCold    . . .     Gourm    .   (shield currently unavailable)
rNeg     . . .     Faith    .   a - +0 robe
rPois    .         Spirit   .   (helmet restricted)
rElec    .         Reflect  .   (no cloak)
rCorr    .         Harm     .   (gloves unavailable)
MR       .....                  (boots unavailable)
Stlth    +++.......             f - amulet of rage
Regen    0.2/turn               r - ring of wizardry
MPRegen  0.2/turn               o - +2 ring of dexterity

@: agile, lethally poisoned (-1 -> -24)
A: unfitting armour, tough skin 1
a: Evoke Berserk Rage


You were on level 5 of the Dungeon.
You were not hungry.

You visited 1 branch of the dungeon, and saw 5 of its levels.

You collected 201 gold pieces.

Inventory:

Hand Weapons
 d - a +0 dagger
 e - a +0 giant club (weapon)
 p - a +0 flail
Missiles
 h - 120 stones (quivered)
 m - 13 tomahawks
Armour
 a - a +0 robe (worn)
Jewellery
 f - an amulet of rage (around neck)
 o - a +2 ring of dexterity (right hand)
 r - a ring of wizardry (left hand)
Scrolls
 i - a scroll of amnesia
 t - a scroll of remove curse
Potions
 k - a potion of flight
 n - a potion of lignification {unknown}
Books
 b - a book of Flames

   Spells                             Type                      Level
   a - Flame Tongue                   Conjuration/Fire             1
   b - Throw Flame                    Conjuration/Fire             2
   c - Conjure Flame                  Conjuration/Fire             3
   d - Inner Flame                    Hexes/Fire                   3
   e - Sticky Flame                   Conjuration/Fire             4
   f - Fireball                       Conjuration/Fire             5
 q - a book of Changes

   Spells                             Type                      Level
   a - Beastly Appendage              Transmutation                1
   b - Sticks to Snakes               Transmutation                2
   c - Spider Form                    Transmutation/Poison         3
   d - Ice Form                       Ice/Transmutation            4
   e - Blade Hands                    Transmutation                5
Comestibles
 c - 4 bread rations


   Skills:
 + Level 4.4 Fighting
 * Level 1.1 Maces & Flails
 - Level 1.7 Dodging
 - Level 1.4 Stealth
 * Level 4.2 Spellcasting
 * Level 2.6 Conjurations
 * Level 4.2 Fire Magic


You had 3 spell levels left.
You knew the following spells:

 Your Spells              Type           Power        Failure   Level  Hunger
a - Flame Tongue          Conj/Fire      ###..        1%          1    None
b - Throw Flame           Conj/Fire      ###...       2%          2    ##.....
c - Conjure Flame         Conj/Fire      ###.....     4%          3    ###....
d - Sticky Flame          Conj/Fire      ###.....     14%         4    ####...


Dungeon Overview and Level Annotations

Branches:
Dungeon (5/15)
 Temple: D:4-7

Altars:
Cheibriados
Elyvilon
Makhleb

Annotations:
D:4 bli's ghost, amateur DsMo


Innate Abilities, Weirdness & Mutations

You are too large for most types of armour.
You have tough skin. (AC +1)


Message History

Aim: a gnoll, wielding a spear of venom The flame tongue hits the gnoll.
The gnoll is heavily wounded.
* * * LOW HITPOINT WARNING * * *
You feel sick.
The crimson imp blinks!
The gnoll hits you but does no damage.
You are more poisoned.
* * * LOW HITPOINT WARNING * * *
You feel sick. The gnoll misses you.
You closely miss the gnoll.
The gnoll is heavily wounded.
* * * LOW HITPOINT WARNING * * *
You feel very sick. The gnoll hits you but does no damage.
You are more poisoned.
You sock the gnoll!
You kill the gnoll!
* * * LOW HITPOINT WARNING * * *
You feel very sick.
You miss the crimson imp.
You die...

.# #.#.##............# .#
#.#.######..#.##### .#
#.....## #..#.# .###
#.#....###..#.# ...#
#...........#.########
...#######....####..........#
...........#.....###.######.#
...######.........[..# #.#
...# ##.#####@##### #.# ####
#.# #5# #.# #.# #.# #.# #.#
... #.# #.# ##.## .# #<#
#.#.# #.# .# #.# #.#.# #.# .#
#.# #.... ..# .# #.# ###.#
#.###.### #.#


You could see a crimson imp.

Vanquished Creatures
  An ogre (D:4)
  4 hounds
  A bullfrog skeleton (D:5)
  A worker ant (D:4)
  A hound skeleton (D:5)
  3 gnolls (D:5)
  5 adders
  2 worms (D:2)
  A dart slug (D:1)
  2 leopard geckos (D:5)
  4 orcs
  3 ball pythons
  5 giant cockroaches
  6 goblins
  8 hobgoblins
  4 jackals (D:4)
  3 quokkas
  8 bats
  6 frilled lizards
  A jackal skeleton (D:3)
  6 kobolds
  8 rats
83 creatures vanquished.

Notes
Turn   | Place    | Note
-------+----------+-------------------------------------------
     0 | D:1      | Sunburn the Ogre Fire Elementalist began the quest for the Orb.
     0 | D:1      | Reached XP level 1. HP: 16/16 MP: 3/3
    66 | D:1      | Reached skill level 1 in Conjurations
   213 | D:1      | Reached XP level 2. HP: 20/26 MP: 5/5
   243 | D:1      | Reached skill level 1 in Fighting
   574 | D:1      | Learned a level 2 spell: Throw Flame
  1042 | D:1      | Reached XP level 3. HP: 20/33 MP: 7/7
  1327 | D:2      | Learned a level 3 spell: Conjure Flame
  2363 | D:3      | Reached XP level 4. HP: 35/41 MP: 8/8
  2766 | D:3      | Found a white marble altar of Elyvilon.
  2921 | D:3      | Reached XP level 5. HP: 27/50 MP: 6/10
  3016 | D:4      | Learned a level 4 spell: Sticky Flame
  3170 | D:4      | Found a snail-covered altar of Cheibriados.
  3320 | D:4      | Noticed an ogre
  3368 | D:5      | Entered Level 5 of the Dungeon
  3926 | D:5      | Reached XP level 6. HP: 37/62 MP: 11/11
  4283 | D:5      | Found a burning altar of Makhleb.
  4550 | D:4      | Noticed bli's ghost (amateur DsMo)
  4909 | D:5      | Reached skill level 1 in Maces & Flails
  4982 | D:5      | HP: 3/63 [poisoned by a gnoll]
  4983 | D:5      | Succumbed to a gnoll's poison

Skill      XL: |  1  2  3  4  5  6 |
---------------+-------------------+-----
Conjurations   | 1 2 |  2.6
Fighting       | 1 2 3 4 |  4.4
Fire Magic     | 3 4 |  4.2
Spellcasting   | 3 4 |  4.2
Maces & Flails | 1 |  1.1
Dodging        | |  1.7
Stealth        | |  1.4

Action                   |  1- 3 |  4- 6 || total
-------------------------+-------+-------++-------
Melee: Dagger            |   171 |       ||   171
       Whip              |    24 |     6 ||    30
       Mace              |       |    83 ||    83
       Giant club        |       |    14 ||    14
       Flail             |       |    10 ||    10
Throw: Stone             |       |     5 ||     5
 Cast: Flame Tongue      |     8 |     5 ||    13
       Throw Flame       |    16 |    21 ||    37
       Sticky Flame      |       |     4 ||     4
  Use: Scroll            |     4 |     4 ||     8
       Potion            |     1 |     4 ||     5
 Stab: Distracted        |       |     1 ||     1
       Sleeping          |       |     1 ||     1
  Eat: Chunk             |     6 |     7 ||    13
       Bread ration      |       |     1 ||     1
Armor: Robe              |    85 |    45 ||   130
Dodge: Dodged            |   116 |   107 ||   223
